 Dungeon Crawl Stone Soup version 0.21.0-8-gf18e19db4a (webtiles) character file.

345 i1guy the Shooter (level 6, -16/43 HPs)
             Began as a Centaur Arcane Marksman on Jan 17, 2018.
             Was an Initiate of Hepliaklqana.
             Demolished by endorz's ghost (17 damage)
             ... on level 3 of the Dungeon.
             The game lasted 00:20:33 (2775 turns).

i1guy the Shooter (Centaur Arcane Marksman)         Turns: 2775, Time: 00:20:34

Health: -16/43     AC:  5    Str: 13    XL:     6   Next: 32%
Magic:  7/8        EV:  8    Int: 12    God:    Hepliaklqana [......]
Gold:   105        SH:  0    Dex: 11    Spells: 7/8 levels left

rFire    + . .     SeeInvis .   v - +2 dagger (venom)
rCold    + . .     Gourm    +   (no shield)
rNeg     . . .     Faith    .   o - +0 ring mail (curse)
rPois    +         Spirit   .   (no helmet)
rElec    +         Reflect  .   (no cloak)
rCorr    +         Harm     .   (no gloves)
MR       .....                  (no barding)
Stlth    +.........             j - amulet of the gourmand
HPRegen  0.14/turn              (no ring)
MPRegen  0.11/turn              (no ring)

@: resistant, flying, very quick
A: large, reduced essence, hooves 3, deformed body, speed 2, tough skin 3
a: Recall Ancestor, Ancestor Identity, Renounce Religion


You were on level 3 of the Dungeon.
You worshipped Hepliaklqana.
Hepliaklqana was noncommittal.
You were hungry.

You visited 1 branch of the dungeon, and saw 3 of its levels.

You collected 105 gold pieces.

Inventory:

Hand Weapons
 a - a +0 shortbow
 q - a +0 club
 v - a +2 dagger of venom (weapon)
 x - a +0 hunting sling
Missiles
 d - 16 arrows
 n - 26 sling bullets
 s - 2 tomahawks (quivered)
Armour
 e - a +0 robe
 o - a cursed +0 ring mail (worn)
Jewellery
 j - an amulet of the gourmand (around neck)
 p - an uncursed ring of protection from cold {unknown}
 w - an uncursed ring of protection from cold {unknown}
Wands
 t - a wand of iceblast (12)
Scrolls
 b - 4 scrolls of identify {unknown}
 i - a scroll of fear {unknown}
 k - a scroll of teleportation {unknown}
 m - a scroll of remove curse {unknown}
 r - a scroll of enchant weapon {unknown}
 y - a scroll of immolation {unknown}
 z - 2 scrolls of amnesia {unknown}
Potions
 g - a potion of curing
 u - a potion of degeneration {unknown}
Books
 c - a book of Debilitation

   Spells                             Type                      Level
   a - Corona                         Hexes                        1
   b - Slow                           Hexes                        2
   c - Inner Flame                    Hexes/Fire                   3
   d - Portal Projectile              Hexes/Translocation          3
   e - Cause Fear                     Hexes                        4
   f - Leda's Liquefaction            Hexes/Earth                  4
Comestibles
 f - 3 rations


   Skills:
 + Level 2.1 Fighting
 + Level 6.6 Bows
 + Level 1.3 Armour
 + Level 1.7 Dodging
 + Level 0.2 Stealth
 + Level 1.5 Spellcasting
 + Level 3.4 Hexes


You had 7 spell levels left.
You knew the following spells:

 Your Spells              Type           Power        Failure   Level  Hunger
a - Corona                Hex            #......      16%         1    ##.....


Dungeon Overview and Level Annotations

Branches:
Dungeon (3/15)

Altars:
Hepliaklqana
Vehumet

Annotations:
D:2 Sigmund
D:3 endorz's ghost, amateur MiFi


Innate Abilities, Weirdness & Mutations

You have hooves in place of feet.
Armour fits poorly on your strangely shaped body.
You cover ground very quickly.
You have extremely tough skin. (AC +3)
Your life essence is reduced to manifest your ancestor. (-10% HP)


Message History

You hit endorz's ghost.
Endorz's ghost is moderately damaged.
Deeznutz hits endorz's ghost.
Endorz's ghost hits you!
Your ring mail prevents you from hitting endorz's ghost.
You kick endorz's ghost.
Endorz's ghost is moderately damaged.
Deeznutz barely misses endorz's ghost.
Endorz's ghost hits you.
You hit endorz's ghost but do no damage.
You kick endorz's ghost.
Endorz's ghost is moderately damaged.
Deeznutz barely misses endorz's ghost.
Endorz's ghost hits you!
* * * LOW HITPOINT WARNING * * *
It was a potion of curing.
You feel better.
Deeznutz hits endorz's ghost but does no damage.
Endorz's ghost hits you!
* * * LOW HITPOINT WARNING * * *
It was a potion of resistance.
You feel protected.
Deeznutz hits endorz's ghost.
Endorz's ghost hits you!
You die...

############## #.............
######### ##.###########.
#.......###...# #.
#.##...R@...#.# #.
###.##.##W###...# #. #......##.#
##### ## #######.#.#####.#
R......[..#####.########
#######................#
########.#######.## ##
##########....>........########.
#...............####...#....†...


You could see the friendly Deeznutz the ancestor and endorz's ghost.

Vanquished Creatures
  Grinder (D:3)
  Terence (D:2)
  2 adders (D:2)
  An ooze (D:2)
  A worm (D:2)
  A leopard gecko (D:3)
  An orc (D:3)
  5 giant cockroaches
  7 goblins
  4 hobgoblins
  2 jackals (D:1)
  A ball python (D:1)
  5 bats
  3 frilled lizards
  5 kobolds
  4 rats
44 creatures vanquished.

Vanquished Creatures (collateral kills)
  Ijyb (D:3)
  2 worms (D:3)
  An orc (D:3)
  3 goblins (D:3)
  2 hobgoblins (D:3)
  7 jackals (D:3)
  2 kobolds (D:3)
  A quokka (D:3)
  A frilled lizard (D:3)
  4 rats (D:3)
24 creatures vanquished.

Vanquished Creatures (others)
  Jessica (D:2)
  2 ancestors (D:3)
3 creatures vanquished.

Grand Total: 71 creatures vanquished

Notes
Turn   | Place    | Note
-------+----------+-------------------------------------------
     0 | D:1      | i1guy the Centaur Arcane Marksman began the quest for the Orb.
     0 | D:1      | Reached XP level 1. HP: 16/16 MP: 2/2
   182 | D:1      | Reached XP level 2. HP: 23/23 MP: 3/3
   299 | D:1      | Reached skill level 3 in Bows
   745 | D:2      | Killed Jessica
   783 | D:2      | Found a radiant altar of Vehumet.
   800 | D:2      | Reached XP level 3. HP: 19/28 MP: 4/4
   966 | D:2      | Reached skill level 4 in Bows
   971 | D:2      | Noticed Terence
   994 | D:2      | Killed Terence
   994 | D:2      | Reached XP level 4. HP: 16/35 MP: 3/5
  1513 | D:2      | Noticed Sigmund
  1777 | D:3      | Found a hazy altar of Hepliaklqana.
  1780 | D:3      | Became a worshipper of Hepliaklqana the Forgotten
  1827 | D:3      | Noticed Grinder
  1838 | D:3      | Paralysed by Grinder for 6 turns
  1850 | D:3      | Killed Grinder
  1850 | D:3      | Reached skill level 6 in Bows
  1850 | D:3      | Reached skill level 1 in Armour
  1850 | D:3      | Reached XP level 5. HP: 15/36 MP: 4/7
  1850 | D:3      | Reached XP level 6. HP: 18/43 MP: 4/8
  2145 | D:3      | Noticed Ijyb
  2173 | D:3      | Killed Ijyb
  2513 | D:3      | Noticed endorz's ghost (amateur MiFi)
  2774 | D:3      | HP: 1/43 [endorz's ghost (15)]
  2775 | D:3      | Demolished by endorz's ghost

Skill      XL: |  1  2  3  4 |
---------------+-------------+-----
Hexes          | 3 |  3.4
Bows           | 3 4 6 |  6.6
Fighting       | 2 |  2.1
Armour         | 1 |  1.3
Dodging        | |  1.7
Stealth        | |  0.2
Spellcasting   | |  1.5

Action                   |  1- 3 |  4- 6 || total
-------------------------+-------+-------++-------
Melee: Club              |       |     3 ||     3
       Kick              |       |     6 ||     6
       Dagger            |       |    12 ||    12
 Fire: Shortbow          |   103 |    49 ||   152
 Cast: Corona            |     3 |     4 ||     7
Invok: Recall Ancestor   |       |     5 ||     5
       Ancestor Identity |       |     2 ||     2
  Use: Potion            |     1 |     4 ||     5
  Eat: Ration            |       |     1 ||     1
Armor: Robe              |    16 |       ||    16
       Ring mail         |    11 |    13 ||    24
Dodge: Dodged            |    31 |    13 ||    44
